 Dungeon Crawl Stone Soup version 0.26-a0-597-gb535b0901c (webtiles) character file.

Game seed: 367846474968531643

264 Ashen the Gusty (level 6, 0/35 HPs)
             Began as a Tengu Air Elementalist on Sept 15, 2020.
             Succumbed to a kobold's poison
             ... on level 3 of the Dungeon.
             The game lasted 00:07:30 (2949 turns).

Ashen the Gusty (Tengu Air Elementalist)            Turns: 2949, Time: 00:07:31

Health: 0/35       AC:  9    Str:  8    XL:     6   Next: 19%
Magic:  2/11       EV: 13    Int: 17    God:
Gold:   110        SH:  4    Dex: 15    Spells: 4/10 levels left

rFire    . . .     SeeInvis .   g - +0 whip
rCold    . . .     Faith    .   e - +0 buckler
rNeg     . . .     Spirit   .   a - +0 robe
rPois    .         Reflect  .   (helmet restricted)
rElec    .         Harm     .   (no cloak)
rCorr    .                      l - +2 pair of gloves
MR       .....                  (boots unavailable)
Stlth    ++........             (no amulet)
HPRegen  0.11/turn              b - +4 ring of protection
MPRegen  0.12/turn              (no ring)

@: mighty, brilliant, lethally poisoned (0 -> -5), about to teleport, very
slightly contaminated, hasted, invisible, very quick
A: beak, talons 3, able to fly
a: Fly


You were on level 3 of the Dungeon.
You visited 1 branch of the dungeon, and saw 3 of its levels.

You collected 110 gold pieces.

Inventory:

Hand Weapons
 g - a +0 whip (weapon)
Armour
 a - a +0 robe (worn)
 e - a +0 buckler (worn)
 l - a +2 pair of gloves (worn)
Jewellery
 b - a +4 ring of protection (left hand)
 i - an uncursed amulet of faith
Scrolls
 c - 3 scrolls of teleportation
 h - 4 scrolls of identify
 k - a scroll of fog


   Skills:
 + Level 2.2 Fighting
 + Level 3.2 Dodging
 + Level 3.1 Stealth
 + Level 1.5 Shields
 + Level 2.8 Spellcasting
 + Level 3.1 Conjurations
 + Level 4.9 Air Magic


You had 4 spell levels left.
You knew the following spells:

 Your Spells              Type           Power        Failure   Level
a - Shock                 Conj/Air       ###.         4%          1
b - Swiftness             Air            ####....     4%          2
c - Static Discharge      Conj/Air       ###.....     14%         3

Your spell library contained the following spells:

 Spells                   Type           Power        Failure   Level
 Airstrike                Air            ####......   30%         4
 Lightning Bolt           Conj/Air       ###.......   77%         5


Dungeon Overview and Level Annotations

Branches:
Dungeon (3/15)

Altars:
Yredelemnul


Innate Abilities, Weirdness & Mutations

You have a beak for a mouth.
You have claws for feet.
You can fly continuously.


Message History

You fade into invisibility!
You are very lightly contaminated with residual magic.
* * * LOW HITPOINT WARNING * * *
You feel sick.
Things that are here:
a +0 dagger; 4 poisoned darts; a kobold corpse
Things that are here:
a cursed -2 whip; a gnoll corpse; a frilled lizard corpse You aren't carrying any potions.
As you read the scroll labeled COTHIUSHUDD, it crumbles to dust.
You feel strangely unstable.
It was a scroll of teleportation.
* * * LOW HITPOINT WARNING * * *
You feel sick.
As you read the scroll labeled YKUHIU SEEG, it crumbles to dust.
It is a scroll of identify.
k - a scroll of fog
* * * LOW HITPOINT WARNING * * *
You feel sick.
You see here a poisoned dart.
You die...

##..#. #....
......#####...#
.#
#.....))#.#.#..#
###..##.......#
##..##..(.###
##.#(.##..#
####.)..# ##
#...(.#.#
##..###@..##
#.)####....## .
#.†.......#
......##.###..#
...## #..# ..# .
#.## ..# .#..
#.# .# .#.#
###.# ...# #...#


There were no monsters in sight!

Vanquished Creatures
  An orc priest (D:3)
  Natasha (D:2)
  An orc wizard (D:3)
  7 adders
  2 gnolls (D:3)
  2 oozes
  3 worms (D:2)
  A dart slug (D:2)
  A leopard gecko (D:2)
  2 orcs (D:3)
  2 ball pythons (D:1)
  4 bats
  6 giant cockroaches
  8 goblins
  8 hobgoblins
  13 kobolds
  2 quokkas
  10 frilled lizards
  2 gnoll zombies (D:2)
  9 rats
85 creatures vanquished.

Notes
Turn   | Place    | Note
-------+----------+-------------------------------------------
     0 | D:1      | Ashen the Tengu Air Elementalist began the quest for the
                  | Orb.
     0 | D:1      | Reached XP level 1. HP: 10/10 MP: 4/4
   171 | D:1      | Reached XP level 2. HP: 16/16 MP: 3/6
   520 | D:1      | Reached XP level 3. HP: 14/20 MP: 3/7
   634 | D:1      | Reached skill level 1 in Fighting
  1612 | D:2      | Reached XP level 4. HP: 25/25 MP: 0/8
  2059 | D:2      | Found a basalt altar of Yredelemnul.
  2104 | D:2      | Noticed Natasha
  2125 | D:2      | Killed Natasha
  2125 | D:2      | Reached skill level 1 in Shields
  2125 | D:2      | Gained mutation: You can fly continuously. [Tengu growth]
  2125 | D:2      | Reached XP level 5. HP: 25/30 MP: 1/9
  2581 | D:3      | Learned a level 2 spell: Swiftness
  2585 | D:3      | Learned a level 3 spell: Static Discharge
  2721 | D:3      | Reached XP level 6. HP: 35/35 MP: 5/11
  2946 | D:3      | HP: 1/35 [poisoned by a kobold]
  2949 | D:3      | Succumbed to a kobold's poison

Illustrated notes

Levels and vault maps discovered:
D:1:      minmay_arrival_up_and_down, layout_basic, minmay_misc_feat_ornament,
          minmay_misc_feat_tiny, minmay_lizard_pond
D:2:      layout_rooms, lemuel_zombie_altar_yredelemnul, uniq_natasha
D:3:      layout_rooms, minmay_misc_feat_doors, trog_butcher_becter

Skill      XL: |  1  2  3  4  5 |
---------------+----------------+-----
Conjurations   | 2 3 |  3.1
Fighting       | 1 2 |  2.2
Shields        | 1 |  1.5
Dodging        | 3 |  3.2
Stealth        | 3 |  3.1
Spellcasting   | |  2.8
Air Magic      | |  4.9

Action                   |  1- 3 |  4- 6 || total
-------------------------+-------+-------++-------
Melee: Unarmed           |    10 |       ||    10
       Kick              |     5 |    11 ||    16
       Whip              |     5 |    52 ||    57
       Peck              |     1 |     6 ||     7
 Cast: Shock             |    70 |    80 ||   150
  Use: Potion            |       |     4 ||     4
       Scroll            |       |     2 ||     2
Armor: Robe              |     3 |    42 ||    45
Dodge: Dodged            |     7 |    68 ||    75
Block: Buckler           |     1 |    20 ||    21

Table legend: (Time is in decaauts)
 A = Elapsed time spent in this place.
 B = Non-inter-level travel time spent in this place.
 C = Inter-level travel time spent in this place.
 D = Time resting spent in this place.
 E = Time spent auto-exploring this place.
 F = Levels seen in this place.
 G = Mean time per level.
                   A        B        C        D        E       F      G
               +--------+--------+--------+--------+--------+-----+--------+
         Total |   2955 |   2907 |     48 |    600 |   1706 |   3 |  985.0 |
       Dungeon |   2955 |   2907 |     48 |    600 |   1706 |   3 |  985.0 |
               +--------+--------+--------+--------+--------+-----+--------+

Top non-repeatable levels by time:
     D:1: 1406 daAuts
     D:2: 1105 daAuts
     D:3: 443 daAuts
